 Dungeon Crawl Stone Soup version 0.18.1-1-g2f07953 (webtiles) character file.

145 M4edhros the Shield-Bearer (level 5, -1/36 HPs)
             Began as an Octopode Fighter on May 7, 2016.
             Slain by a howler monkey (2 damage)
             ... on level 5 of the Dungeon.
             The game lasted 00:01:28 (256 turns).

M4edhros the Shield-Bearer (Octopode Fighter)        Turns: 256, Time: 00:01:30

Health: -1/36      AC:  1    Str: 15    XL:     5   Next: 27%
Magic:  5/5        EV: 11    Int: 11    God:
Gold:   35         SH:  9    Dex: 12    Spells: 0 memorised, 4 levels left

rFire  . . .     SeeInvis .     a - +0 flail
rCold  . . .     Gourm    .     b - +0 shield
rNeg   . . .     Faith    .     (helmet restricted)
rPois  .         Spirit   .     (no amulet)
rElec  .         Dismiss  .     (no ring)
rCorr  .         Reflect  .     (no ring)
SustAt .         Harm     .     (no ring)
MR     .....                    (no ring)
Stlth  ++........               (no ring)
                                (no ring)
                                (no ring)
                                (no ring)

@: lethally poisoned (-1 -> -5), not resistant to hostile enchantments,
unstealthy
A: almost no armour, amphibious, 8 rings, constrict 8, camouflage 1, gelatinous
body 1
a: no special abilities


You were on level 5 of the Dungeon.
You were not hungry.

You visited 1 branch of the dungeon, and saw 5 of its levels.

You collected 35 gold pieces.

Inventory:

Hand Weapons
 a - a +0 flail (weapon)
Armour
 b - a +0 shield (worn)
Wands
 g - a wand of random effects (22/48)
Scrolls
 e - a scroll of random uselessness {unknown}
 f - 3 scrolls of remove curse {unknown}
 i - a scroll of identify {unknown}
Potions
 c - a potion of might
Comestibles
 d - a bread ration
 h - a beef jerky
 j - 2 chunks of flesh


   Skills:
 - Level 3.0 Fighting
 + Level 4.0 Maces & Flails
 - Level 3.0 Dodging
 + Level 4.6 Shields


You had 4 spell levels left.
You didn't know any spells.

Dungeon Overview and Level Annotations

Branches:
Dungeon (5/15)
 Temple: D:4-7

Altars:
Fedhas
Qazlal
The Shining One


Innate Abilities, Weirdness & Mutations

You cannot wear most types of armour.
You are amphibious.
You can wear up to eight rings at the same time.
You can use your tentacles to constrict eight enemies at once.
Your skin changes colour to match your surroundings (Stealth).
Your rubbery body absorbs attacks (AC +1).


Message History

You hit the worker ant. You squeeze the worker ant.
You kill the worker ant!
Your Maces & Flails skill increases to level 4!
* * * LOW HITPOINT WARNING * * *
You feel sick.
The howler monkey hoots and howls with incredible vigour!
* * * LOW HITPOINT WARNING * * *
You feel sick.
You see here a worker ant corpse.
* * * LOW HITPOINT WARNING * * *
You feel sick.
You swing at nothing.
The howler monkey hoots and howls with incredible vigour!
You closely miss the howler monkey. You grab the howler monkey.
You constrict the howler monkey.
* * * LOW HITPOINT WARNING * * *
You feel sick. The howler monkey hits you.
* * * LOW HITPOINT WARNING * * *
The howler monkey bites you.
You die...

###
..#
#.#
#.#
#.#
#.#
#.#
#@#
##h#
#.<#
#.##
..$
###.
#.
#.
#.


You could see a howler monkey.

Vanquished Creatures
  A howler monkey (D:3)
  Natasha (twice) (D:4)
  A worker ant (D:5)
  2 adders (D:2)
  An ooze (D:1)
  An adder skeleton (D:4)
  A giant cockroach (D:2)
  2 goblins (D:2)
  2 hobgoblins (D:2)
  A kobold (D:2)
  A rat (D:2)
15 creatures vanquished.

Notes
Turn   | Place    | Note
--------------------------------------------------------------
     0 | D:1      | M4edhros the Octopode Fighter began the quest for the Orb.
     0 | D:1      | Reached XP level 1. HP: 16/16 MP: 1/1
    43 | D:2      | Reached XP level 2. HP: 18/21 MP: 2/2
    48 | D:2      | Reached XP level 3. HP: 13/26 MP: 3/3
   105 | D:2      | Found a glowing golden altar of the Shining One.
   127 | D:3      | Reached XP level 4. HP: 14/31 MP: 4/4
   133 | D:3      | Found a blossoming altar of Fedhas.
   135 | D:3      | Found a stormy altar of Qazlal.
   177 | D:4      | Noticed Natasha
   188 | D:4      | Killed Natasha
   206 | D:4      | Noticed Natasha
   211 | D:4      | Killed Natasha
   211 | D:4      | Reached XP level 5. HP: 7/36 MP: 5/5
   246 | D:5      | Entered Level 5 of the Dungeon
   256 | D:5      | HP: 1/36 [howler monkey (2)]
   256 | D:5      | Slain by a howler monkey

Skill      XL: |  1  2  3  4  5 |
---------------+----------------+-----
Maces & Flails | 3 4 |  4.0
Shields        | 4 |  4.6
Fighting       | |  3.0
Dodging        | |  3.0

Action                   |  1- 3 |  4- 6 || total
-------------------------+-------+-------++-------
Melee: Flail             |    29 |    10 ||    39
       Tentacles         |     4 |     3 ||     7
       Constrict         |     6 |     4 ||    10
Evoke: Wand              |       |     3 ||     3
 Stab: Sleeping          |     2 |       ||     2
Armor: Skin              |     2 |       ||     2
Dodge: Dodged            |    17 |     1 ||    18
Block: Shield            |    17 |     3 ||    20
